 Dungeon Crawl Stone Soup version 0.26.1-11-gd32895ea62 (webtiles) character file.

Game seed: 10862327632510642654

452 Tirrikindir the Slasher (level 7, -1/48 HPs)
             Began as an Octopode Fighter on June 4, 2021.
             Slain by Pikel
             ... wielding a +1 whip of electrocution
              (10 damage)
             ... on level 4 of the Dungeon.
             The game lasted 00:05:48 (2886 turns).

Tirrikindir the Slasher (Octopode Fighter)          Turns: 2886, Time: 00:05:49

Health: -1/48      AC:  1    Str: 16    XL:     7   Next: 4%
Magic:  0/7        EV: 12    Int: 10    God:
Gold:   76         SH:  9    Dex: 13    Spells: 6/6 levels left

rFire    . . .     SeeInvis .   l - +2 falchion (flame)
rCold    . . .     Faith    .   b - +0 kite shield
rNeg     . . .     Spirit   +   (helmet restricted)
rPois    .         Reflect  .   m - amulet of guardian spirit
rElec    .         Harm     .   (no ring)
rCorr    .         Rampage  .   (no ring)
Will     .....                  (no ring)
Stlth    +++.......             (no ring)
HPRegen  0.16/turn              (no ring)
MPRegen  0.10/turn              (no ring)
                                (no ring)
                                (no ring)

@: no status effects
A: almost no armour, stealthy swim, amphibious, 8 rings, constrict 8, camouflage
1, gelatinous body 1
a: no special abilities


You were on level 4 of the Dungeon.
You visited 1 branch of the dungeon, and saw 4 of its levels.

You collected 76 gold pieces.

Inventory:

Hand Weapons
 a - a +0 long sword
 l - a +2 falchion of flaming (weapon)
Missiles
 i - 2 poisoned darts (quivered)
Armour
 b - a +0 kite shield (worn)
Jewellery
 m - an amulet of guardian spirit (around mantle)
Scrolls
 f - a scroll of teleportation
Potions
 c - 2 potions of might
 d - a potion of haste
 e - a potion of flight
 g - a potion of heal wounds
 h - a potion of magic
 j - a potion of curing {unknown}
 k - a potion of lignification {unknown}


   Skills:
 - Level 4.0 Fighting
 * Level 4.8 Long Blades
 - Level 4.0 Dodging
 - Level 4.0 Stealth
 - Level 4.0 Shields


You had 6 spell levels left.
You didn't know any spells.
Your spell library was empty.

Dungeon Overview and Level Annotations

Branches:
Dungeon (4/15)
 Temple: D:4-7

Altars:
Hepliaklqana
Nemelex Xobeh

Annotations:
D:4 Pikel


Innate Abilities, Weirdness & Mutations

You cannot wear most types of armour.
You are very stealthy in the water. (Stealth+)
You are amphibious.
You can wear up to eight rings at the same time.
You can use your tentacles to constrict eight enemies at once.
Your skin changes colour to match your surroundings (Stealth+).
Your rubbery body absorbs attacks. (AC +1, EV +1)


Message History

Pikel is heavily wounded.
You constrict Pikel. The lemure hits you.
Pikel hits you with a +1 whip of electrocution!
You are electrocuted!
* * * LOW HITPOINT WARNING * * *
The lemure barely misses you.
You hit Pikel but do no damage.
Pikel is heavily wounded.
You constrict Pikel. You block the lemure's attack. Pikel misses you.
You riposte.
You hit Pikel but do no damage. You squeeze Pikel, but do no damage.
Pikel is heavily wounded.
The lemure completely misses you.
You riposte.
You barely miss the lemure. You grab the lemure. You hit Pikel. You burn Pikel.
You squeeze Pikel!
Pikel is almost dead.
You constrict Pikel. You constrict the lemure. The lemure hits you.
* * * LOW HITPOINT WARNING * * *
Pikel hits you with a +1 whip of electrocution!
You die...

## ... .... ##
#############.....
..
..........55......
.
..........@K5.....
#
........######....
# #........# . #
#........# #
#........#
######........#
†....#........#
.....#........#
.....#........#


You could see Pikel and 3 lemures.

Vanquished Creatures
  An ogre (D:4)
  A lemure (D:4)
  A scorpion (D:4)
  A gnoll shaman (D:4)
  2 orc wizards
  A bullfrog skeleton (D:4)
  A hound skeleton (D:4)
  8 gnolls
  3 adders
  An ooze (D:1)
  A worm (D:4)
  3 dart slugs (D:1)
  A leopard gecko (D:2)
  11 orcs
  2 giant cockroaches
  A goblin (D:2)
  5 hobgoblins
  6 jackals
  2 quokkas (D:4)
  7 bats
  5 frilled lizards
  8 kobolds
  A leopard gecko skeleton (D:4)
  13 rats
86 creatures vanquished.

Notes
Turn   | Place    | Note
-------+----------+-------------------------------------------
     0 | D:1      | Tirrikindir the Octopode Fighter began the quest for the
                  | Orb.
     0 | D:1      | Reached XP level 1. HP: 16/16 MP: 1/1
    73 | D:1      | Reached XP level 2. HP: 14/21 MP: 2/2
   337 | D:1      | Reached skill level 1 in Stealth
   742 | D:1      | Reached XP level 3. HP: 26/26 MP: 3/3
  1104 | D:2      | Reached XP level 4. HP: 26/31 MP: 4/4
  1373 | D:2      | Reached XP level 5. HP: 36/36 MP: 5/5
  1516 | D:2      | Found a sparkling altar of Nemelex Xobeh.
  1939 | D:3      | Found a hazy altar of Hepliaklqana.
  1990 | D:3      | You fall into a shaft and drop 1 floor!
  2024 | D:4      | Reached XP level 6. HP: 37/43 MP: 6/6
  2792 | D:4      | Reached XP level 7. HP: 37/48 MP: 7/7
  2873 | D:4      | Noticed Pikel
  2886 | D:4      | Slain by Pikel

Illustrated notes

Levels and vault maps discovered:
D:1:      roderic_chinese_lattice_arrival, layout_basic
D:2:      layout_rooms, lemuel_doored_altar
D:3:      layout_basic, nzn_hepliaklqana_mist_gate
D:4:      layout_basic, led_sif_book, nicolae_ru_path_of_blood, uniq_pikel,
          uniq_edmund

Skill      XL: |  1  2  3  4  5  6 |
---------------+-------------------+-----
Stealth        | 1 2 3 4 |  4.0
Long Blades    | 3 4 |  4.8
Dodging        | 4 |  4.0
Shields        | 4 |  4.0
Fighting       | 4 |  4.0

Action                   |  1- 3 |  4- 6 |  7- 9 || total
-------------------------+-------+-------+-------++-------
Melee: Long sword        |    56 |   100 |       ||   156
       Tentacles         |    14 |    26 |     4 ||    44
       Constrict         |    18 |    33 |     3 ||    54
       Falchion          |       |       |    12 ||    12
  Use: Scroll            |     5 |     4 |       ||     9
       Potion            |       |     1 |       ||     1
 Stab: Sleeping          |     3 |     7 |       ||    10
Armor: Skin              |     5 |     4 |       ||     9
Dodge: Dodged            |    28 |    49 |     6 ||    83
Block: Kite shield       |    26 |    50 |     6 ||    82
       Rpst.: Long sword |     6 |    14 |       ||    20
       Falchion          |       |       |     2 ||     2
